 Dungeon Crawl Stone Soup version 0.29.1-12-g30fa7ad0bf (webtiles) character file.

Game seed: 6580866636860259856

2350 Sanktem7 the Fighter (level 9, -5/85 HPs)
             Began as a Minotaur Fighter on Dec 16, 2022.
             Was a Priest of Okawaru.
             Slain by an orc warrior
             ... wielding a +0 dire flail
              (18 damage)
             ... on level 9 of the Dungeon.
             The game lasted 00:13:03 (7914 turns).

Sanktem7 the Fighter (Minotaur Fighter)             Turns: 7914, Time: 00:13:03

Health: -5/85      AC: 10    Str: 26    XL:     9   Next: 20%
Magic:  8/8        EV:  9    Int:  5    God:    Okawaru [***...]
Gold:   444        SH:  4    Dex:  9    Spells: 8/8 levels left

rFire   . . .      SeeInvis .   a - +1 war axe {axe}
rCold   + . .      Faith    .   c - +0 buckler
rNeg    . . .      Spirit   .   b - +0 scale mail
rPois   .          Reflect  .   E - +0 hat
rElec   .          Harm     .   h - +0 cloak
rCorr   .          Rampage  .   e - +0 pair of gloves
Will    .....                   (no boots)
Stlth   ..........              (no amulet)
HPRegen 0.24/turn               q - ring of ice
MPRegen 0.11/turn               A - ring of protection from fire

@: no status effects
A: horns 2, retaliatory headbutt
a: Renounce Religion, Heroism


You were on level 9 of the Dungeon.
You worshipped Okawaru.
Okawaru was most pleased with you.
You visited 2 branches of the dungeon, and saw 10 of its levels.

You collected 444 gold pieces.


Innate Abilities, Weirdness & Mutations

You have a pair of horns on your head.
You reflexively headbutt those who attack you in melee.


   Skills:
 * Level 10.0 Fighting
 * Level 9.7 Axes
 + Level 7.5 Armour
 - Level 3.6 Shields


You had 8 spell levels left.
You didn't know any spells.
Your spell library contained the following spells:

 Spells                   Type           Power      Damage    Failure   Level
 Foxfire                  Conj/Fire      0%         2x1d4     82%         1
 Shock                    Conj/Air       0%         1d3       82%         1
 Conjure Flame            Conj/Fire      0%         6-21      99%         3
 Inner Flame              Hex/Fire       0%         N/A       99%         3
 Swiftness                Air            0%         N/A       99%         3
 Airstrike                Air            0%         2d(0-16)  100%        4
 Flame Wave               Conj/Fire      0%         2d4       100%        4
 Petrify                  Tmut/Erth      0%         N/A       100%        4
 Blade Hands              Tmut           0%         N/A       100%        5
 Lightning Bolt           Conj/Air       0%         1d11      100%        5
 Metabolic Englaciation   Hex/Ice        0%         N/A       100%        5
 Statue Form              Tmut/Erth      0%         N/A       100%        6
 Summon Lightning Spire   Summ/Air       Unusable   N/A       N/A         4
 Summon Cactus Giant      Summ           Unusable   N/A       N/A         6

Inventory:

Hand Weapons
 a - a +1 war axe (weapon) {axe}
Missiles
 l - 12 poisoned darts (quivered) {throwing}
 n - 5 boomerangs {throwing}
 r - 6 atropa-tipped darts {throwing}
 s - 29 stones {throwing}
Armour
 b - a +0 scale mail (worn)
 c - a +0 buckler (worn)
 e - a +0 pair of gloves (worn)
   (You found it on level 1 of the Dungeon)
 h - a +0 cloak (worn)
   (You found it on level 5 of the Dungeon)
 E - a +0 hat (worn)
   (You found it on level 7 of the Dungeon)
Jewellery
 q - a ring of ice (left hand)
   (You found it on level 2 of the Dungeon)
 A - a ring of protection from fire (right hand)
   (You found it on level 3 of the Dungeon)
Wands
 y - a wand of iceblast (19)
   (You found it on level 3 of the Dungeon)
 I - a wand of light (4)
   (You found it on level 8 of the Dungeon)
Scrolls
 g - 5 scrolls of butterflies
 j - a scroll of vulnerability {!r!r}
 p - a scroll of magic mapping {!r}
 H - a scroll of teleportation {@r4}
Potions
 d - 2 potions of might
 f - 2 potions of degeneration {!q@e2}
 i - 2 potions of curing {@q1}
 k - 6 potions of mutation {!q}
 m - a potion of berserk rage {unknown}
 o - a potion of invisibility {unknown}
 t - 3 potions of lignification {!q}
 v - 2 potions of attraction {!q}
 x - a potion of resistance
 z - a potion of magic
 B - a potion of ambrosia {unknown}
 C - a potion of brilliance {unknown}
 G - 2 potions of flight {unknown}

Dungeon Overview and Level Annotations

Branches:
Dungeon (9/15) Zot: 26922  Temple (1/1) D:5 Zot: 5861    Lair (0/5) D:9
    Orc: D:9-12

Altars:
Ashenzari
Cheibriados
Dithmenos
Elyvilon
Fedhas
Gozag
Hepliaklqana
Kikubaaqudgha
Makhleb
Okawaru
Qazlal
Ru
Sif Muna
Trog
Uskayaw
Vehumet
Wu Jian
Xom
Yredelemnul
The Shining One

Shops:
D:2

: #............
#.....>o.{.. #.....o...#
#)...h.h.. #...oP..#
#..o....# #.....#
#..o############
##.#oo@.........
#..o########### ###.##
#..# # .. ##.# ##. #.
####.#####..##.######
##...^........#......##
##..>..................#
#..###'###..).<.........


You could see an orc warrior, 2 orc priests and an orc.


Message History

You slash the warg!
You kill the warg!
Okawaru accepts your kill. The warg bites you.
Your Axes skill increases to level 9!
Your Armour skill increases to level 7!
You barely miss the warg. Your headbutt misses the warg.
The warg bites you but does no damage.
You completely miss the warg. You headbutt the warg.
The warg bites you but does no damage. The warg barely misses you.
You slash the warg! The warg bites you but does no damage.
You slash the warg!
You kill the warg!
Okawaru accepts your kill. 😮 HP[+1] Deactivating autopickup; reactivate with Ctrl-A.
You miss something.
You hear some strange, mumbled words.
You barely miss the orc. Your headbutt misses the orc.
The orc barely misses you.
You slice the orc!!
You kill the orc!
Okawaru accepts your kill.
Items here: )) [[ ††. 😮 HP[+1]
You closely miss the orc warrior.
The orc priest calls down the wrath of Beogh upon you.
Beogh smites you! 😮 HP[-13]
You take 13 damage, and now have 45/78 hp.
You closely miss the orc warrior.
The orc warrior hits you with a +0 dire flail!
* * * LOW HITPOINT WARNING * * *
😨 HP[-7]
You take 7 damage, and now have 38/78 hp.
You barely miss the orc warrior. You headbutt the orc warrior.
The orc warrior hits you with a +0 dire flail.
* * * LOW HITPOINT WARNING * * *
😨 HP[-6]
You take 6 damage, and now have 32/78 hp.
You completely miss the orc warrior. You headbutt the orc warrior!
The orc priest looks satisfied for a moment. 😨 HP[+1]
You barely miss something.
The orc priest begins to cast a cantrip, but forgets the words!
You slash something! Something hits you.
* * * LOW HITPOINT WARNING * * *
😨 HP[-2]
You take 2 damage, and now have 31/78 hp.
You slash something! Your headbutt misses something.
You block something's attack.
You closely miss something. You headbutt something.
Something hits you but does no damage. 😨 HP[+1]
You barely miss something. Your headbutt misses something. Something hits you.
* * * LOW HITPOINT WARNING * * *
😨 HP[-1]
You take 1 damage, and now have 31/78 hp.
You slash something! Okawaru is honoured by your kill.
Okawaru will now gift you throwing weapons as you gain piety.
Reactivating autopickup.
You feel a bit more experienced.
Your Fighting skill increases to level 10!
You have reached level 9!
Your experience leads to an increase in your attributes!
Increase (S)trength, (I)ntelligence, or (D)exterity?
You feel stronger. x2 😨 HP[+3] MP[+1]
You now have 85 max hp (+7).
You regained 3 hp, and now have 34/85 hp.
Your mp is fully restored (8).
Unknown command.
You barely miss the orc warrior. You block the orc warrior's attack.
You barely miss the orc warrior. You block the orc warrior's attack.
You hit the orc warrior.
The orc warrior completely misses you. 😨 HP[+1]
You barely miss the orc warrior. You headbutt the orc warrior!
The orc warrior hits you with a +0 dire flail.
* * * LOW HITPOINT WARNING * * *
😨 HP[-2]
You take 2 damage, and now have 33/85 hp.
You hit the orc warrior.
The orc warrior hits you with a +0 dire flail!
* * * LOW HITPOINT WARNING * * *
The orc priest invokes the aid of Beogh against you.
Beogh smites you!
* * * LOW HITPOINT WARNING * * *
You block the orc warrior's attack.
The orc priest calls upon Beogh to heal the orc warrior.
The orc warrior is healed somewhat. 😱 HP[-27]
You take 27 damage, and now have 6/85 hp.
MASSIVE DAMAGE!! (PAUSE)
You feel better.
The orc warrior hits you with a +0 dire flail.
* * * LOW HITPOINT WARNING * * *
😱 HP[+1]
You feel better.
The orc warrior hits you with a +0 dire flail!!
You die...

Skill      XL: |  1  2  3  4  5  6  7  8 |
---------------+-------------------------+-----
Fighting       | 4 5 6 7 10 | 10.0
Axes           | 3 4 5 6 7 9 |  9.7
Armour         | 4 5 6 7 |  7.5
Shields        | |  3.6

Action                   |  1- 3 |  4- 6 |  7- 9 || total
-------------------------+-------+-------+-------++-------
Melee: War axe           |    81 |   111 |   144 ||   336
       Headbutt          |    10 |    11 |    28 ||    49
  Use: Scroll            |       |    14 |     3 ||    17
       Potion            |       |     1 |     7 ||     8
Armor: Scale mail        |    34 |    71 |    75 ||   180
Dodge: Dodged            |    46 |    56 |    53 ||   155
Block: Buckler           |    13 |    37 |    31 ||    81

Levels and vault maps discovered:
D:1:      psy_arrival_basics, layout_loops_corners,
          chequers_ecumenical_altar_grove, chequers_serial_rivers_micro_e,
          nicolae_hexahallways
D:2:      kennysheep_six_static_rooms, layout_basic, serial_curves,
          eino_curves_04, eino_curves_02, corexii_corridor_pit,
          nicolae_shop_vocational
D:3:      layout_loops_cross
D:4:      layout_loops_corners
D:5:      layout_basic, nicolae_ru_awakened_eye,
          minmay_temple_entry_sparse_star, st_stairs_9
D:6:      layout_basic
D:7:      layout_basic, nicolae_overflow_hidden_temple
D:8:      layout_basic, serial_glass, glass_columns_a, glass_columns_a
D:9:      nzn_winding_woodlands_three_and_one
          [nzn_winding_woodlands_5x15_default, nzn_winding_woodlands_5x15_twine,
          nzn_winding_woodlands_5x15_zeroes,
          nzn_winding_woodlands_center_triple_pond], layout_rooms, bloody_trog,
          nicolae_vehumet_altar_sigil, erik_lair_orcish_takeover
Temple:   eino_temple_scatter_basement

Notes
Turn   | Place    | Note
-------+----------+-------------------------------------------
     0 | D:1      | Sanktem7 the Minotaur Fighter began the quest for the Orb.
     0 | D:1      | Reached XP level 1. HP: 19/19 MP: 0/0
     0 | D:1      | magus.rc [v1.9.6]
   739 | D:1      | Reached XP level 2. HP: 27/27 MP: 1/1
   872 | D:1      | Reached skill level 4 in Fighting
  1011 | D:1      | Found a faded altar of an unknown god.
  1076 | D:1      | Reached skill level 3 in Axes
  1085 | D:1      | You add the spells Blade Hands and Summon Cactus Giant to
                  | your library.
  1085 | D:1      | Got the Omnibus of Friendly Changing
  1413 | D:2      | Found Kohiaru's Vocational Training.
  1454 | D:2      | You pick up a book of Flames and begin reading...
  1454 | D:2      | You add the spells Foxfire, Conjure Flame, Inner Flame and
                  | Flame Wave to your library.
  1615 | D:2      | Reached skill level 4 in Armour
  1615 | D:2      | Reached XP level 3. HP: 33/33 MP: 2/2
  2323 | D:3      | Reached XP level 4. HP: 41/41 MP: 3/3
  2428 | D:3      | Reached skill level 4 in Axes
  2589 | D:3      | Reached skill level 5 in Fighting
  3042 | D:4      | Noticed a sky beast
  3060 | D:4      | Killed a sky beast
  3061 | D:4      | Reached XP level 5. HP: 27/48 MP: 4/4
  3318 | D:4      | You pick up a book of Sloth and begin reading...
  3318 | D:4      | You add the spells Petrify, Metabolic Englaciation and
                  | Statue Form to your library.
  3527 | D:4      | You pick up a book of Storms and begin reading...
  3527 | D:4      | You add the spells Airstrike, Summon Lightning Spire and
                  | Lightning Bolt to your library.
  3662 | D:4      | HP: 2/49 [orc priest/nerve-wracking pain (14)]
  3668 | D:4      | Reached skill level 5 in Axes
  4058 | D:5      | Entered Level 5 of the Dungeon
  4083 | D:5      | Found a staircase to the Ecumenical Temple.
  4093 | Temple   | Entered the Ecumenical Temple
  4213 | Temple   | Became a worshipper of Warmaster Okawaru
  4265 | D:5      | Found a sacrificial altar of Ru.
  4326 | D:5      | Noticed a centaur
  4329 | D:5      | Noticed a centaur
  4337 | D:5      | Killed a centaur
  4338 | D:5      | Reached skill level 6 in Fighting
  4338 | D:5      | Reached skill level 5 in Armour
  4338 | D:5      | Reached XP level 6. HP: 32/57 MP: 5/5
  5242 | D:5      | Reached skill level 6 in Axes
  5383 | D:5      | Reached * piety under Okawaru
  5384 | D:5      | Reached XP level 7. HP: 41/64 MP: 6/6
  5390 | D:5      | Reached skill level 7 in Fighting
  5731 | D:6      | You fall into a shaft and drop 1 floor!
  6130 | D:7      | Reached skill level 7 in Axes
  6304 | D:7      | Found a glowing golden altar of the Shining One.
  6307 | D:7      | Found a hide-covered altar of Uskayaw.
  6526 | D:8      | Reached skill level 6 in Armour
  6630 | D:8      | Reached XP level 8. HP: 74/74 MP: 7/7
  6642 | D:8      | Reached skill level 8 in Fighting
  6649 | D:8      | HP: 18/74 [killer bee (5)]
  6657 | D:8      | HP: 14/74 [killer bee (6)]
  6658 | D:8      | Reached ** piety under Okawaru
  6662 | D:8      | HP: 11/74 [killer bee (4)]
  6664 | D:8      | HP: 4/74 [killer bee (3)]
  6680 | D:8      | Reached skill level 8 in Axes
  6682 | D:8      | HP: 17/75 [poisoned by a killer bee]
  6687 | D:8      | HP: 13/75 [poisoned by a killer bee]
  7241 | D:8      | You pick up a book of Air and begin reading...
  7241 | D:8      | You add the spells Shock and Swiftness to your library.
  7279 | D:8      | Reached skill level 9 in Fighting
  7839 | D:9      | Found a bloodstained altar of Trog.
  7853 | D:9      | Found a radiant altar of Vehumet.
  7875 | D:9      | Found a staircase to the Lair.
  7876 | D:9      | Noticed a wizard
  7890 | D:9      | Reached skill level 9 in Axes
  7890 | D:9      | Reached skill level 7 in Armour
  7907 | D:9      | Killed a wizard
  7907 | D:9      | Reached *** piety under Okawaru
  7908 | D:9      | Reached skill level 10 in Fighting
  7908 | D:9      | Reached XP level 9. HP: 34/85 MP: 8/8
  7912 | D:9      | HP: 19/85 [orc warrior/+0 dire flail (14)]
  7912 | D:9      | HP: 6/85 [orc priest/divine providence (13)]
  7914 | D:9      | Slain by an orc warrior

Vanquished Creatures
  A wizard (D:9)
  A wyvern (D:8)
  2 wargs (D:9)
  A sky beast (D:4)
  2 ice beasts
  2 centaurs (D:5)
  A phantom (D:5)
  A kobold brigand (D:8)
  A bullfrog (D:8)
  A gnoll sergeant (D:5)
  A scorpion (D:7)
  6 killer bees (D:8)
  4 howler monkeys
  A jelly (D:5)
  3 orc priests
  An iguana (D:5)
  An orc wizard (D:9)
  5 adders
  A shadow imp (D:7)
  An ufetubus (D:7)
  2 worms (D:2)
  2 dart slugs
  12 orcs
  9 endoplasms
  A giant cockroach (D:1)
  10 goblins
  9 hobgoblins
  5 jackals (D:3)
  9 kobolds
  2 quokkas
  11 ball pythons
  A bat (D:3)
  6 frilled lizards
  3 rats
119 creatures vanquished.

Vanquished Creatures (others)
  An orc wizard (D:7)
  A plant (D:9)
2 creatures vanquished.

Grand Total: 121 creatures vanquished

Table legend:
 A = Non-vault XP
 B = Vault XP
 C = Vault XP percentage of total XP
 D = Non-vault monster count
 E = Vault monster count
 F = Vault count percentage of total count
                 A         B        C        D         E       F
            +---------+---------+-------+---------+---------+-------
      Total |    2778 |     580 |  17.3 |     108 |      12 |  10.0
            +---------+---------+-------+---------+---------+-------
        D:1 |      23 |       0 |   0.0 |      13 |       0 |   0.0
        D:2 |      32 |      21 |  39.6 |      16 |       6 |  27.3
        D:3 |      82 |       0 |   0.0 |      26 |       0 |   0.0
        D:4 |     202 |       0 |   0.0 |      14 |       0 |   0.0
        D:5 |     371 |     185 |  33.3 |       8 |       2 |  20.0
        D:7 |     338 |       0 |   0.0 |      11 |       0 |   0.0
        D:8 |    1109 |       0 |   0.0 |      19 |       0 |   0.0
        D:9 |     621 |     374 |  37.6 |       1 |       4 |  80.0
            +---------+---------+-------+---------+---------+-------

Illustrated notes

Table legend:
 A = Kills in this place as a percentage of kills in entire the game.
 B = Kills by you in this place as a percentage of kills by you in the entire game.
 C = Kills by friends in this place as a percentage of kills by friends in the entire game.
 D = Other kills in this place as a percentage of other kills in the entire game.
 E = Experience gained in this place as a percentage of experience gained in the entire game.
 F = Experience gained in this place divided by the number of levels of this place that you have seen.
                   A       B       C       D       E      F
               +-------+-------+-------+-------+-------+----------------------
         Total | 100.0 | 100.0 |   N/A | 100.0 | 100.0 | 335.8
       Dungeon | 100.0 | 100.0 |   N/A | 100.0 | 100.0 | 373.1
               +-------+-------+-------+-------+-------+----------------------

Table legend: (Time is in decaauts)
 A = Elapsed time spent in this place.
 B = Non-inter-level travel time spent in this place.
 C = Inter-level travel time spent in this place.
 D = Time resting spent in this place.
 E = Time spent auto-exploring this place.
 F = Levels seen in this place.
 G = Mean time per level.
                   A        B        C        D        E       F      G
               +--------+--------+--------+--------+--------+-----+--------+
         Total |   7996 |   7648 |    348 |      0 |   6789 |  10 |  799.6 |
       Dungeon |   7857 |   7531 |    326 |      0 |   6688 |   9 |  873.0 |
        Temple |    138 |    116 |     22 |      0 |    101 |   1 |  138.0 |
               +--------+--------+--------+--------+--------+-----+--------+

Top non-repeatable levels by time:
     D:5: 1487 daAuts
     D:8: 1337 daAuts
     D:1: 1312 daAuts
     D:4: 1220 daAuts
     D:2: 905 daAuts
     D:7: 788 daAuts
     D:3: 670 daAuts
  Temple: 138 daAuts
     D:9: 76 daAuts
     D:6: 57 daAuts
